 Dungeon Crawl Stone Soup version 0.30-a0-946-gec5dcfc036 (webtiles) character file.

Game seed: 11027798353176296423

48 2tousent the Trooper (level 3, -2/30 HPs)
             Began as a Demonspawn Monk on Mar 26, 2023.
             Slain by Sigmund
             ... wielding a +3 scythe of protection
              (11 damage)
             ... on level 2 of the Dungeon.
             The game lasted 00:01:35 (1681 turns).

2tousent the Trooper (Demonspawn Monk)              Turns: 1681, Time: 00:01:36

Health: -2/30      AC:  3    Str: 11    XL:     3   Next: 50%
Magic:  3/3        EV:  9    Int: 13    God:
Gold:   95         SH:  0    Dex: 15    Spells: 2/2 levels left

rFire   . . .      SeeInvis .    a - +0 spear
rCold   . . .      Faith    .    f - +0 tower shield
rNeg    . . .      Spirit   .    b - +0 robe
rPois   .          Reflect  .    (no helmet)
rElec   .          Rampage  .    k - +0 cloak
rCorr   .                        (no gloves)
Will    .....                    (no boots)
Stlth   +                        (no amulet)
HPRegen 0.25/turn                (no ring)
MPRegen 0.08/turn                (no ring)

@: confused, ambrosia-drunk
A: foul stench 1
a: no special abilities


You were on level 2 of the Dungeon.
You visited 1 branch of the dungeon, and saw 2 of its levels.

You collected 95 gold pieces.

Inventory:

Hand Weapons
 a - a +0 spear (weapon)
Armour
 b - a +0 robe (worn)
 d - a +0 ring mail
 f - a +0 tower shield (worn)
 k - a +0 cloak (worn)
Wands
 p - a wand of light (14)
Scrolls
 e - a scroll of blinking {unknown}
 i - a scroll of vulnerability {unknown}
 j - a scroll of identify {unknown}
 m - a scroll of immolation {unknown}
Potions
 g - a potion of resistance {unknown}
 h - a potion of mutation {unknown}
 l - a potion of flight {unknown}
 n - 2 potions of degeneration {unknown}
 o - a potion of might {unknown}
 q - 2 potions of brilliance {unknown}


   Skills:
 + Level 3.6 Fighting
 - Level 2.6 Polearms
 + Level 3.3 Dodging
 - Level 1.7 Stealth
 + Level 1.1 Shields


You had 2 spell levels left.
You didn't know any spells.
Your spell library was empty.

Dungeon Overview and Level Annotations

Branches:
Dungeon (2/15)

Altars:

Annotations:
D:2 Sigmund


Innate Abilities, Weirdness & Mutations

You may rarely emit foul miasma when damaged in melee.


Message History

You reach to attack!
The helpless Sigmund fails to defend himself.
You hit Sigmund but do no damage. Sigmund completely misses you.
You reach to attack!
You hit Sigmund but do no damage.
Sigmund points at you and mumbles some strange words.
The magic dart hits you.
You reach to attack!
You hit Sigmund but do no damage.
Sigmund hits you from afar with a +3 scythe of protection!
You reach to attack!
You hit Sigmund but do no damage.
Sigmund hits you from afar with a +3 scythe of protection.
You are too injured to fight recklessly!
You are too injured to fight recklessly!
You are too injured to fight recklessly!
You are too injured to fight recklessly!
You are too injured to fight recklessly!
You are too injured to fight recklessly!
You are too injured to fight recklessly!
You are too injured to fight recklessly!
You are too injured to fight recklessly!
You are too injured to fight recklessly!
You are too injured to fight recklessly!
You are too injured to fight recklessly!
You are too injured to fight recklessly!
You are too injured to fight recklessly!
You are too injured to fight recklessly!
You are too injured to fight recklessly!
You are too injured to fight recklessly!
Sigmund casts a spell at you. The puff of flame hits you!
* * * LOW HITPOINT WARNING * * *
You are confused.
You feel invigorated. Sigmund completely misses you.
You are too injured to fight recklessly!
You bump into the rock wall.
Sigmund hits you from afar with a +3 scythe of protection!
* * * LOW HITPOINT WARNING * * *
You're too confused to aim your attacks!
Unknown command.
Sigmund hits you with a +3 scythe of protection!
You die...

#.# #.#.# #.#
#.#.# ### #.#
#.#.# .)#####.#
#.#^# ........#
#.#.# #.####..#
#### #######.#.#
#.# #..# #..
..........# #.#
#..# #@#
#######.###
#.####..########@#
#.#
.................#
#.#
######.###♣.♣♣####
###.# ........#
♣.♣♣♣# ##.#.#
######..# ♣.♣♣.♣#
##.#..#
######..#♣♣.PP♣.♣
#.###.#
........#♣)..♣.♣♣
##.#.##
#######.#♣.P♣..♣♣♣
##.## #
#.#♣♣♣...♣P♣###
#.#


You could see Sigmund.

Vanquished Creatures
  An adder (D:2)
  2 endoplasms (D:2)
  6 giant cockroaches
  4 goblins
  4 hobgoblins
  3 kobolds
  A quokka (D:1)
  A ball python (D:2)
  3 bats (D:1)
  5 frilled lizards
  5 rats
35 creatures vanquished.

Notes
Turn   | Place    | Note
-------+----------+-------------------------------------------
     0 | D:1      | 2tousent the Demonspawn Monk began the quest for the Orb.
     0 | D:1      | Reached XP level 1. HP: 18/18 MP: 1/1
   119 | D:1      | Gained mutation: You may rarely emit foul miasma when
                  | damaged in melee. [demonic ancestry]
   119 | D:1      | Reached XP level 2. HP: 22/24 MP: 2/2
  1239 | D:2      | Reached XP level 3. HP: 29/29 MP: 3/3
  1610 | D:2      | Reached skill level 1 in Shields
  1672 | D:2      | Noticed Sigmund
  1681 | D:2      | Slain by Sigmund

Illustrated notes

Levels and vault maps discovered:
D:1:      lightli_arrival_flooded_house, layout_basic, patterned_corridor
D:2:      layout_loops_ring, serial_forest, infiniplex_forest_end_double,
          infiniplex_forest_clump_cross, infiniplex_forest_clump_tiny,
          infiniplex_forest_lined_corner, infiniplex_forest_clump_curved,
          minmay_worlds_worst_comb, uniq_sigmund, uniq_crazy_yiuf_cottage

Skill      XL: |  1  2  3 |
---------------+----------+-----
Dodging        | 3 |  3.3
Shields        | 1 |  1.1
Fighting       | |  3.6
Polearms       | |  2.6
Stealth        | |  1.7

Action                     || total
---------------------------++-------
  Melee: Spear             ||   127
    Use: Potion            ||     1
   Stab: Sleeping          ||    10
 Armour: Robe              ||    24
  Dodge: Dodged            ||    40
  Block: Tower shield      ||    50

Table legend: (Time is in decaauts)
 A = Elapsed time spent in this place.
 B = Non-inter-level travel time spent in this place.
 C = Inter-level travel time spent in this place.
 D = Time resting spent in this place.
 E = Time spent auto-exploring this place.
 F = Levels seen in this place.
 G = Mean time per level.
                   A        B        C        D        E       F      G
               +--------+--------+--------+--------+--------+-----+--------+
         Total |   1719 |   1674 |     45 |      0 |   1366 |   2 |  859.5 |
       Dungeon |   1719 |   1674 |     45 |      0 |   1366 |   2 |  859.5 |
               +--------+--------+--------+--------+--------+-----+--------+

Top non-repeatable levels by time:
     D:1: 971 daAuts
     D:2: 748 daAuts
